AoeStats
← Adino the Eznite

Arabia

507920096Analyzed
4v4 RM · 11d ago on Sep 20, 2026· 28m 27s· 8 players
Game mode
Random Map
Map size
Large (8 player)
Population
200
Speed
Normal
Resources
Standard
Victory
Conquest
Starting age
Dark Age
Ending age
Imperial Age
RankedLock teamsTeams togetherTeam positionsShared explorationLock speedFull tech treeHidden civsTurbo modeCheats
Victory
Defeat
🇺🇸 Britons · United States
1383
+13
🇺🇸 Franks · United States
1366
+14
🇺🇸 Ethiopians · United States
1360
+14
🇨🇦 Khmer · Canada
1335
+14
🇦🇺 Hindustanis · Australia
1328
-14
🇻🇳 Magyars · Vietnam
1320
-14
🇹🇷 Franks · Türkiye
1316
-14
🇹🇼 Shu · Taiwan
1296
-13
Ting
4:14 Loom
9:31 Feudal Age
13:26 Fletching
La Apple
5:59 Loom
9:01 Feudal Age
9:44 Double-Bit Axe
13:54 Horse Collar
16:48 Scale Barding Armor
19:59 Bloodlines
22:38 Castle Age
21:23 Gold Mining
23:52 Chain Barding Armor
23:43 Husbandry
27:09 Wheelbarrow
26:48 Bow Saw
26:39 Heavy Plow
SpawnShark
8:56 Feudal Age
9:09 Loom
9:34 Double-Bit Axe
From Dust
6:40 Loom
9:18 Feudal Age
10:01 Double-Bit Axe
19:28 Wheelbarrow
Brotha Si
7:28 Loom
10:17 Feudal Age
11:01 Double-Bit Axe
13:16 Wheelbarrow
18:40 Scale Barding Armor
20:41 Bloodlines
20:49 Forging
25:13 Castle Age
23:51 Horse Collar
24:45 Gold Mining
25:59 Husbandry
26:51 Gold Shaft Mining
26:50 Light Cavalry
28:02 Chain Barding Armor
29:20 Iron Casting
Adino the Eznite
6:50 Loom
9:26 Feudal Age
13:30 Fletching
20:23 Double-Bit Axe
21:42 Gold Mining
28:08 Castle Age
26:34 Padded Archer Armor
27:27 Horse Collar
28:15 Crossbowman
28:53 Bodkin Arrow
Seabis
7:12 Loom
9:19 Feudal Age
10:27 Double-Bit Axe
19:16 Scale Barding Armor
20:22 Forging
23:01 Wheelbarrow
23:37 Gold Mining
26:47 Castle Age
26:49 Light Cavalry
27:30 Husbandry
27:51 Chain Barding Armor
RainMaker
10:18 Feudal Age
8:33 Loom
11:20 Double-Bit Axe
14:14 Forging
13:58 Fletching
14:08 Padded Archer Armor
27:53 Castle Age
26:31 Gold Mining
26:29 Horse Collar
28:03 Crossbowman
28:53 Thumb Ring
28:53 Bodkin Arrow
Connection lost

Rejoining the realm…

Still unreachable

The connection could not be restored.

Session expired

The server has moved on; the page needs a fresh start.